[Event "*** Titled Tuesday Blitz"]
[Site "Chess.com"]
[Date "2020.04.14"]
[Round "2"]
[White "827883"]
[Black "FROGGY64"]
[Result "0-1"]
[WhiteElo "2019"]
[BlackElo "2381"]
[TimeControl "180+1"]
[EndTime "10:14:26 PDT"]
[Termination "FROGGY64 won by resignation"]

1. e4 e6 2. d4 d5 3. exd5 exd5 4.
Nf3 Nc6 5. Bb5 Bd6 6. c4 dxc4 7. d5 a6 8. Ba4 b5 9. dxc6 bxa4 10. O-O Ne7 11.
Qxa4 Be6 12. Nc3 O-O 13. Bg5 h6 14. Bh4 Qb8 15. Rad1 Nf5 16. Qc2 Qb6 17. Ne4 Nxh4 18.
Nxh4 Qxc6 19. Nxd6 cxd6 20. Nf5 Bxf5 21. Qxf5 Rfd8 22.
Rd5 Rab8 23. Rd2 d5 24. Rfd1 Rb5 25. h3 d4 26. Rxd4 Rxf5 27. Rxd8+ Kh7 28. R8d4 Rg5 29. g3 c3 30. bxc3 Qxc3 31. Kg2 h5 32. h4 Rf5 33. R1d2 Qf3+ 34. Kg1 Rc5 0-1

[Event "*** Titled Tuesday Blitz"]
[Site "Chess.com"]
[Date "2020.04.14"]
[Round "2"]
[White "Elshan1985"]
[Black "CookiesAndIceCream"]
[Result "1-0"]
[WhiteElo "2693"]
[BlackElo "2331"]
[TimeControl "180+1"]
[EndTime "10:14:28 PDT"]
[Termination "Elshan1985 won by resignation"]

1. d4 e6 2. c4 b6 3. Nf3 Bb7 4. g3 f5 5. Bg2 Nf6 6. O-O Be7 7. Nc3 O-O 8. d5 Ne4 9. Nd4 Nxc3 10. bxc3 e5 11.
d6 Bxg2 12. dxe7 Qxe7 13. Kxg2 exd4 14. cxd4 d5 15. cxd5 Qe4+ 16. Kg1 Qxd5 17. Bf4 Na6 18. Qb3 Rfd8 19. Rfc1 Qxb3 20. axb3 Nb4 21. Rxc7 Rxd4 22. Be5 Rd2 23. Rxg7+ Kf8 24. Rxh7 1-0

[Event "*** Titled Tuesday Blitz"]
[Site "Chess.com"]
[Date "2020.04.14"]
[Round "2"]
[White "ridnani2021"]
[Black "marianokar"]
[Result "0-1"]
[WhiteElo "1715"]
[BlackElo "2361"]
[TimeControl "180+1"]
[EndTime "10:14:28 PDT"]
[Termination "marianokar won by resignation"]

1. Nf3 c5 2. g3 b6 3. Bg2 Bb7 4.
O-O g6 5. c4 Bg7 6. Nc3 d6 7.
d4 cxd4 8. Nxd4 Bxg2 9. Kxg2 Qc8 10. b3 Qb7+ 11. Kg1 Nf6 12. h3 O-O 13. Bb2 Nbd7 14.
Qc2 Rac8 15. Rad1 a6 16. e4 b5 17. cxb5 axb5 18. Qe2 b4 19. Nd5 Nxd5 20. exd5 Nf6 21.
Nc6 Nxd5 22. Bxg7 Kxg7 23. Rxd5 Rxc6 24. Rd4 Rfc8 25. Rfd1 Rc2 26. R1d2 Rc1+ 27. Rd1 R8c2 28. Qe3 Rxd1+ 29. Rxd1 Rxa2 30. Rc1 Qa7 31. Qf3 Ra1 32. Rb1 0-1

[Event "*** Titled Tuesday Blitz"]
[Site "Chess.com"]
[Date "2020.04.14"]
[Round "2"]
[White "ARMQUEEN"]
[Black "vlad_Sid"]
[Result "0-1"]
[WhiteElo "2242"]
[BlackElo "2650"]
[TimeControl "180+1"]
[EndTime "10:14:29 PDT"]
[Termination "vlad_Sid won by resignation"]

1. e4 c6 2. d4 d5 3. e5 Bf5 4. h4 h5 5. c4 e6 6. Nc3 Ne7 7. Bd3 Bxd3 8. Qxd3 Nd7 9. c5 b6 10. b4 a5 11. Ba3 axb4 12. Bxb4 Nf5 13. Nf3 bxc5 14.
dxc5 Bxc5 15. Rb1 Bxb4 16. Rxb4 Qa5 17. Rb3 Nc5 18. Qd2 Nxb3 19. axb3 d4 20. Nb1 Qxd2+ 21. Nfxd2 O-O-O 22. Ke2 Rd5 23. f4 0-1

[Event "*** Titled Tuesday Blitz"]
[Site "Chess.com"]
[Date "2020.04.14"]
[Round "2"]
[White "Arjun2002"]
[Black "Bacyanide"]
[Result "1-0"]
[WhiteElo "2657"]
[BlackElo "2322"]
[TimeControl "180+1"]
[EndTime "10:14:35 PDT"]
[Termination "Arjun2002 won by resignation"]

1. Nf3 d5 2. g3 Nf6 3. Bg2 e6 4. O-O c5 5. d3 Nc6 6. Nbd2 Be7 7. e4 O-O 8. Re1 b5 9. e5 Nd7 10. Nf1 Bb7 11. h4 Qb6 12. N1h2 Rfc8 13. Bf4 Qd8 14. Bh3 a5 15. Ng5 Nf8 16. c3 b4 17. Qf3 a4 18.
Bd2 Qe8 19. Ng4 a3 20. bxa3 bxc3 21. Bxc3 d4 22. Bd2 Rxa3 23. Nf6+ gxf6 24. exf6 Bd6 25. Qh5 Be5 26. Rxe5 Nxe5 27. Qh6 1-0

[Event "*** Titled Tuesday Blitz"]
[Site "Chess.com"]
[Date "2020.04.14"]
[Round "2"]
[White "Alexandercs432"]
[Black "atbenina64"]
[Result "1-0"]
[WhiteElo "2128"]
[BlackElo "2511"]
[TimeControl "180+1"]
[EndTime "10:14:37 PDT"]
[Termination "Alexandercs432 won by resignation"]

1. e4 c6 2. d4 d5 3. e5 Bf5 4. h4 h5 5. Bg5 Qb6 6. Bd3 Bxd3 7.
Qxd3 Qxb2 8. e6 Qxa1 9. Qb3 fxe6 10. Nf3 Nd7 11. O-O a5 12. Nbd2 Qxf1+ 13. Kxf1 b5 14. Qe3 e5 15. Nxe5 Nxe5 16. Qxe5 Nf6 17. f3 Kf7 18.
Nb3 Ra7 19. Nc5 Nd7 20. Qe6+ Ke8 21. Qxc6 1-0

[Event "*** Titled Tuesday Blitz"]
[Site "Chess.com"]
[Date "2020.04.14"]
[Round "2"]
[White "Teidi96"]
[Black "1g41-0"]
[Result "0-1"]
[WhiteElo "2202"]
[BlackElo "2468"]
[TimeControl "180+1"]
[EndTime "10:14:38 PDT"]
[Termination "1g41-0 won by resignation"]

1. d4 Nf6 2. Nf3 g6 3. c4 Bg7 4.
Nc3 O-O 5. e4 d6 6. Be2 e5 7.
O-O Nc6 8. d5 Ne7 9. b4 Ne8 10.
Ne1 f5 11. f3 f4 12. c5 g5 13. cxd6 Nxd6 14. Nd3 Qe8 15. Bd2 Qh5 16. Nc5 Rf6 17. Nb5 Rh6 18. Ne6 Qxh2+ 19. Kf2 Qg3+ 20. Kg1 Rh2 21. Rf2 Qh4 0-1

[Event "*** Titled Tuesday Blitz"]
[Site "Chess.com"]
[Date "2020.04.14"]
[Round "2"]
[White "Gabix_94"]
[Black "Firegrizzly"]
[Result "1-0"]
[WhiteElo "2862"]
[BlackElo "2578"]
[TimeControl "180+1"]
[EndTime "10:14:41 PDT"]
[Termination "Gabix_94 won by checkmate"]

1. d4 e6 2. c4 Nf6 3. Nc3 d5 4. Nf3 a6 5. cxd5 exd5 6. Bg5 Bd7 7. Nxd5 Be6 8. Nxf6+ gxf6 9. Bd2 c6 10. g3 Nd7 11.
Bg2 Be7 12. O-O O-O 13. e4 f5 14. exf5 Bxf5 15. Re1 Bf6 16. Qb3 Qb6 17. Qa3 a5 18.
Bg5 Bg7 19. Rad1 Be6 20. Ne5 Nxe5 21. dxe5 Qb4 22. Qe3 Bxa2 23. Rd4 Qb3 24. Qf4 Qxb2 25. Bf6 Bxf6 26. exf6 Kh8 27. Qh6 Rg8 28. Be4 Bb1 29.
Qxh7# 1-0

[Event "*** Titled Tuesday Blitz"]
[Site "Chess.com"]
[Date "2020.04.14"]
[Round "2"]
[White "mapebo94"]
[Black "Rodalquilar"]
[Result "0-1"]
[WhiteElo "1783"]
[BlackElo "2627"]
[TimeControl "180+1"]
[EndTime "10:14:41 PDT"]
[Termination "Rodalquilar won by resignation"]

1. d4 d5 2. c4 e6 3. Nc3 a6 4.
cxd5 exd5 5. g3 Nf6 6. Bg2 Be6 7. Nf3 c6 8. a4 a5 9. O-O Nbd7 10. Re1 Bd6 11.
e4 dxe4 12. Nxe4 Nxe4 13. Rxe4 O-O 14. Bg5 Qb6 15. Re2 Bc4 16. Re1 Bb4 17. Nd2 Be6 18.
Be3 Qd8 19. Qf3 Bd5 20. Qf4 Bxg2 21. Kxg2 Nf6 22. Qf3 Nd5 23. Nc4 Bxe1 24. Rxe1 Re8 25. Qg4 Nf6 26. Qf3 Qd5 27. Ne5 Rad8 28. Bg5 Qxf3+ 29.
Kxf3 Rxd4 30. Bxf6 gxf6 0-1

[Event "*** Titled Tuesday Blitz"]
[Site "Chess.com"]
[Date "2020.04.14"]
[Round "2"]
[White "pollo2016"]
[Black "Colombiano07"]
[Result "1-0"]
[WhiteElo "2594"]
[BlackElo "2299"]
[TimeControl "180+1"]
[EndTime "10:14:41 PDT"]
[Termination "pollo2016 won by checkmate"]

1. d4 d5 2. Nf3 Bf5 3. Bf4 e6 4. e3 Bd6 5. Bg3 Nf6 6. Nbd2 O-O 7.
Be2 c5 8. c3 Qc7 9. O-O Nbd7 10. Rc1 Bxg3 11. hxg3 e5 12. c4 e4 13. Nh4 Be6 14.
cxd5 Bxd5 15. Nf5 Rfe8 16. dxc5 Ne5 17. Qa4 Qc6 18. Bb5 Qe6 19. Nd4 Qg4 20. Bxe8 Rxe8 21. Rfd1 Qh5 22. Nf1 Nd3 23. Rb1 Ng4 24. Qxe8# 1-0

[Event "*** Titled Tuesday Blitz"]
[Site "Chess.com"]
[Date "2020.04.14"]
[Round "2"]
[White "Gandrade2"]
[Black "Nafania1"]
[Result "0-1"]
[WhiteElo "1995"]
[BlackElo "2379"]
[TimeControl "180+1"]
[EndTime "10:14:41 PDT"]
[Termination "Nafania1 won by resignation"]

1. d4 Nf6 2. c4 e6 3. Nc3 Bb4 4. f3 O-O 5. e4 d5 6. cxd5 exd5 7.
e5 Nfd7 8. a3 Bxc3+ 9. bxc3 c5 10.
Bd3 f6 11. Qc2 fxe5 12. Bxh7+ Kh8 13. Ne2 Qh4+ 14. g3 Qxh7 15. Qxh7+ Kxh7 16. O-O Nc6 17. Be3 exd4 18. cxd4 Re8 19. Kg2 0-1

[Event "*** Titled Tuesday Blitz"]
[Site "Chess.com"]
[Date "2020.04.14"]
[Round "2"]
[White "Salem-AR"]
[Black "Triumphmate"]
[Result "1-0"]
[WhiteElo "2895"]
[BlackElo "2593"]
[TimeControl "180+1"]
[EndTime "10:14:43 PDT"]
[Termination "Salem-AR won by resignation"]

1. d4 Nf6 2. c4 e6 3. Nf3 d5 4.
Nc3 Be7 5. Bg5 O-O 6. e3 h6 7.
Bxf6 Bxf6 8. Qc2 b6 9. h4 Bb7 10. cxd5 exd5 11. g4 g6 12. g5 hxg5 13. hxg5 Bg7 14.
O-O-O c5 15. dxc5 d4 16. Bc4 dxc3 17. Rxd8 cxb2+ 18. Kb1 Rxd8 19. Qxg6 Bd5 20. Bxd5 Rxd5 21. Qe4 Rxc5 22. Qe8+ Bf8 23. Rh8+ Kxh8 24. Qxf8+ Kh7 25.
Qxf7+ Kh8 26. g6 1-0

[Event "*** Titled Tuesday Blitz"]
[Site "Chess.com"]
[Date "2020.04.14"]
[Round "2"]
[White "manitodeplomo"]
[Black "FM_Deuteronomio32"]
[Result "1-0"]
[WhiteElo "2495"]
[BlackElo "2241"]
[TimeControl "180+1"]
[EndTime "10:14:43 PDT"]
[Termination "manitodeplomo won by resignation"]

1. d4 Nf6 2. c4 g6 3. Nc3 d5 4.
Bf4 Bg7 5. e3 O-O 6. Rc1 Be6 7. cxd5 Nxd5 8. Nxd5 Qxd5 9. a3 Nd7 10.
Ne2 Rfc8 11. Nc3 Qa5 12. Be2 c5 13. d5 Bf5 14. g4 Be4 15. f3 Bb1 16. Rxb1 Bxc3+ 17. bxc3 Qxc3+ 18. Kf2 Qxa3 19. Rxb7 Nf6 20. Rxe7 Re8 21.
d6 1-0

[Event "*** Titled Tuesday Blitz"]
[Site "Chess.com"]
[Date "2020.04.14"]
[Round "2"]
[White "mirciulica14"]
[Black "Oleksandr_Bortnyk"]
[Result "0-1"]
[WhiteElo "2615"]
[BlackElo "3038"]
[TimeControl "180+1"]
[EndTime "10:14:44 PDT"]
[Termination "Oleksandr_Bortnyk won by resignation"]

1. d4 d6 2. Nf3 Nf6 3. g3 g6 4.
Bg2 Bg7 5. O-O O-O 6. c4 Bf5 7.
Nc3 Ne4 8. Nxe4 Bxe4 9. Re1 c5 10. Be3 Nc6 11. Qd2 Bxf3 12. Bxf3 Nxd4 13. Bxb7 Rb8 14. Bg2 Rxb2 15. Qd3 Nc2 16. a4 Nxe1 17. Rxe1 Qa5 18.
Ra1 Rxe2 19. Qxe2 Bxa1 20. Bh6 Bg7 21. Bg5 Qxa4 22. Qxe7 Re8 23. Qxd6 Re1+ 24. Bf1 Qxc4 25. Qb8+ Bf8 0-1

[Event "*** Titled Tuesday Blitz"]
[Site "Chess.com"]
[Date "2020.04.14"]
[Round "2"]
[White "okriak"]
[Black "DanielRensch"]
[Result "1-0"]
[WhiteElo "2761"]
[BlackElo "2530"]
[TimeControl "180+1"]
[EndTime "10:14:45 PDT"]
[Termination "okriak won by resignation"]

1. Nf3 Nf6 2. c4 e6 3. Nc3 d5 4. e3 Be7 5. b3 O-O 6. Bb2 c5 7. cxd5 exd5 8. d4 b6 9. Be2 Nc6 10. O-O Bg4 11. Rc1 Rc8 12. Na4 Ne4 13. dxc5 bxc5 14.
Ne5 Bxe2 15. Qxe2 Nxe5 16. Bxe5 Qa5 17. Nc3 Nxc3 18. Bxc3 Qb6 19. Rfd1 Rfd8 20. Rxd5 Rxd5 21. Qg4 Bf6 22. Bxf6 Qxf6 23. Qxc8+ Qd8 24. Qxd8+ Rxd8 25. Kf1 Rc8 26. Rc4 a5 27. Ra4 Ra8 28. a3 Kf8 29. b4 c4 30. Rxa5 Rc8 31. Ke2 c3 32. Rc5 1-0

[Event "*** Titled Tuesday Blitz"]
[Site "Chess.com"]
[Date "2020.04.14"]
[Round "2"]
[White "inegrepus"]
[Black "Astaneh"]
[Result "1/2-1/2"]
[WhiteElo "2304"]
[BlackElo "2532"]
[TimeControl "180+1"]
[EndTime "10:14:45 PDT"]
[Termination "Game drawn by repetition"]

1. d4 Nf6 2. c4 e6 3. g3 c5 4. d5 exd5 5. cxd5 g6 6. Nc3 Bg7 7. Bg2 O-O 8. Nf3 a6 9. a4 Re8 10. O-O d6 11. Bf4 Ne4 12. Nxe4 Rxe4 13. Nd2 Rb4 14. Ne4 Bf5 15. Nxd6 Rxf4 16. Nxb7 Qb6 17. gxf4 Qxb7 18. d6 Be4 19. d7 Nxd7 20. Bxe4 Qxe4 21.
Qxd7 Qxe2 22. Rae1 Qxb2 23. Re8+ Rxe8 24. Qxe8+ Bf8 25.
Rd1 Qb4 26. Rd7 Qb1+ 27. Kg2 Qf5 28. Rd8 Qg4+ 29. Kf1 Qh3+ 30. Kg1 Qg4+ 31. Kf1 Qh3+ 32. Kg1 Qg4+ 33. Kf1 1/2-1/2

[Event "*** Titled Tuesday Blitz"]
[Site "Chess.com"]
[Date "2020.04.14"]
[Round "2"]
[White "Gennady_Kozlov"]
[Black "Rsnr"]
[Result "0-1"]
[WhiteElo "2581"]
[BlackElo "2867"]
[TimeControl "180+1"]
[EndTime "10:14:49 PDT"]
[Termination "Rsnr won by checkmate"]

1. b3 d5 2. Bb2 c6 3. e3 Bf5 4. f4 e6 5. Nf3 Nf6 6. Be2 h6 7. a4 Nbd7 8. Na3 Bd6 9. O-O O-O 10.
Qe1 Qe7 11. Qg3 Rfe8 12. d3 e5 13. fxe5 Nxe5 14. Nh4 Bh7 15. Nf5 Bxf5 16. Rxf5 Neg4 17. Bxf6 Nxf6 18. Qf3 Bxa3 19. Rxf6 gxf6 20. e4 Bb2 21. Qg4+ Kh8 22. Qh5 Qf8 23. Rf1 Qg7 24. Rf3 Re5 25.
Qh3 dxe4 26. dxe4 Rd8 27. Bd3 Bd4+ 28. Kf1 Rg5 29. g3 Qg6 30. Rf4 Qh5 31. Rh4 Qf3+ 32. Ke1 Bc3# 0-1

[Event "*** Titled Tuesday Blitz"]
[Site "Chess.com"]
[Date "2020.04.14"]
[Round "2"]
[White "aakankshachess"]
[Black "bangchess21"]
[Result "0-1"]
[WhiteElo "2433"]
[BlackElo "2695"]
[TimeControl "180+1"]
[EndTime "10:14:50 PDT"]
[Termination "bangchess21 won by resignation"]

1. e4 c5 2. Nf3 Nc6 3. d4 cxd4 4. Nxd4 g6 5. c4 Bg7 6. Be3 Nf6 7. Nc3 Ng4 8. Qxg4 Nxd4 9. Qd1 e5 10. Bxd4 exd4 11.
Nd5 O-O 12. Bd3 b6 13. O-O Bb7 14. Qf3 d6 15. Rac1 Re8 16. Qg3 Rc8 17. f4 Bxd5 18.
cxd5 Qd7 19. Qf3 f5 20. exf5 Re3 21. Rxc8+ Qxc8 22. Qd1 gxf5 23. Bb1 Qc5 24. Qh5 d3 25.
Kh1 Qxd5 26. Rc1 Qc5 27. Rd1 d2 28. h3 Re1+ 29. Kh2 Qg1+ 30. Kg3 Qe3+ 31. Kh4 Bf6+ 0-1

[Event "*** Titled Tuesday Blitz"]
[Site "Chess.com"]
[Date "2020.04.14"]
[Round "2"]
[White "onnoelgersma"]
[Black "JesseFebruary"]
[Result "1-0"]
[WhiteElo "2363"]
[BlackElo "1754"]
[TimeControl "180+1"]
[EndTime "10:14:50 PDT"]
[Termination "onnoelgersma won by resignation"]

1. e4 c5 2. Nf3 d6 3. d4 cxd4 4. Nxd4 Nf6 5. Nc3 a6 6. h3 e6 7.
g4 Be7 8. g5 Nfd7 9. h4 b5 10. a3 Bb7 11. Be3 Qc7 12. h5 Nc6 13.
Rg1 Rc8 14. g6 Nf6 15. gxf7+ Kxf7 16. Rxg7+ Ke8 17. Nxe6 Qb8 18. Nd5 Nxe4 19. h6 Nf6 20. Nxf6+ 1-0

[Event "*** Titled Tuesday Blitz"]
[Site "Chess.com"]
[Date "2020.04.14"]
[Round "2"]
[White "obliviate12"]
[Black "FrogMist"]
[Result "1-0"]
[WhiteElo "2865"]
[BlackElo "2477"]
[TimeControl "180+1"]
[EndTime "10:14:51 PDT"]
[Termination "obliviate12 won by checkmate"]

1. e4 e5 2. Nf3 Nc6 3. Bc4 Bc5 4. c3 Nf6 5. d3 O-O 6. O-O d5 7. exd5 Nxd5 8. Re1 Bg4 9. Nbd2 Nb6 10. h3 Bh5 11.
Bb3 Qxd3 12. Nxe5 Qg3 13. Qxh5 Qxf2+ 14. Kh2 Qxe1 15. Ndf3 g6 16. Nxg6 Qe4 17. Nxf8 Bd6+ 18. Kh1 Rxf8 19. Bh6 Ne5 20. Bxf8 Nxf3 21. Qxf7+ Kh8 22.
Bg7# 1-0

[Event "*** Titled Tuesday Blitz"]
[Site "Chess.com"]
[Date "2020.04.14"]
[Round "2"]
[White "IljaJoke"]
[Black "cukin84"]
[Result "1-0"]
[WhiteElo "2523"]
[BlackElo "2106"]
[TimeControl "180+1"]
[EndTime "10:14:52 PDT"]
[Termination "IljaJoke won by resignation"]

1. d4 f5 2. Nf3 Nf6 3. e3 g6 4. Be2 Bg7 5. b4 d6 6. Bb2 O-O 7. O-O c5 8. dxc5 dxc5 9. Bc4+ Kh8 10. Qxd8 Rxd8 11. Ng5 Rf8 12. bxc5 h6 13. Ne6 Bxe6 14.
Bxe6 Na6 15. Bd4 Ng4 16. Nd2 Nxc5 17. Bxc5 Bxa1 18. Rxa1 Kg7 19. Bd4+ Nf6 20. c4 b6 21. a4 g5 22. a5 bxa5 23. Rxa5 Kg6 24. h3 Rfd8 25.
Bxf5+ Kf7 26. Nf3 e6 27. Ne5+ Kg7 28. Bxe6 Rd6 29. Bf5 Kg8 30. Ng4 Nxg4 31. hxg4 a6 32. c5 1-0

[Event "*** Titled Tuesday Blitz"]
[Site "Chess.com"]
[Date "2020.04.14"]
[Round "2"]
[White "ItsCheckM8Mate"]
[Black "kingnb"]
[Result "0-1"]
[WhiteElo "2123"]
[BlackElo "2408"]
[TimeControl "180+1"]
[EndTime "10:14:53 PDT"]
[Termination "kingnb won by resignation"]

1. e4 d5 2. exd5 Nf6 3. d4 Bg4 4. Ne2 Qxd5 5. Nbc3 Qd7 6. h3 Bh5 7. g4 Bg6 8. Bg2 Nc6 9. f4 e6 10. d5 Nb4 11. Nd4 Bc5 12. a3 Nbxd5 13. Nxd5 Nxd5 14.
f5 exf5 15. O-O O-O-O 16. gxf5 Bxf5 17. b4 Nc3 0-1

[Event "*** Titled Tuesday Blitz"]
[Site "Chess.com"]
[Date "2020.04.14"]
[Round "2"]
[White "gvanna"]
[Black "KetiTsatsalashvili"]
[Result "0-1"]
[WhiteElo "2469"]
[BlackElo "2234"]
[TimeControl "180+1"]
[EndTime "10:14:55 PDT"]
[Termination "KetiTsatsalashvili won by resignation"]

1. e4 c6 2. Nf3 d5 3. Nc3 dxe4 4. Nxe4 Bf5 5. Ng3 Bg6 6. d4 e6 7. Ne5 Nd7 8. Nxg6 hxg6 9. Be2 Ngf6 10. Bf4 Nd5 11. Bd2 Bd6 12. c4 Nf4 13. Bxf4 Bxf4 14. a3 Bxg3 15. fxg3 Qf6 16. Qd2 c5 17. O-O-O cxd4 18. Qxd4 Qxd4 19. Rxd4 Ke7 20. Bf3 Rab8 21. h3 Rhc8 22.
Kb1 b6 23. Rhd1 Ne5 24. Be2 Rd8 25. b4 Rxd4 26. Rxd4 a5 27. Kb2 axb4 28. axb4 Nc6 29. Rd1 Nxb4 30. Ra1 Nc6 31. Kc3 Ne5 32. Ra7+ Kf6 33.
Kb4 Nc6+ 0-1

[Event "*** Titled Tuesday Blitz"]
[Site "Chess.com"]
[Date "2020.04.14"]
[Round "2"]
[White "tvjosue"]
[Black "artichaud"]
[Result "1-0"]
[WhiteElo "2478"]
[BlackElo "2215"]
[TimeControl "180+1"]
[EndTime "10:14:55 PDT"]
[Termination "tvjosue won by resignation"]

1. e4 d5 2. exd5 Qxd5 3. Nc3 Qd6 4. d4 Nf6 5. Nb5 Qd8 6. Bf4 Nd5 7. Bg3 a6 8. Nc3 Nxc3 9. bxc3 e6 10. Nf3 c5 11.
Bd3 Be7 12. O-O O-O 13. Re1 Nc6 14. Rb1 Qa5 15. Ne5 Qxc3 16. d5 exd5 17. Nxc6 bxc6 18. Rxe7 c4 19. Be5 Qa3 20. Bxh7+ Kxh7 21. Qh5+ Kg8 22. Qg5 1-0

[Event "*** Titled Tuesday Blitz"]
[Site "Chess.com"]
[Date "2020.04.14"]
[Round "2"]
[White "AvitalBor"]
[Black "GamayevOleg"]
[Result "1-0"]
[WhiteElo "2740"]
[BlackElo "2522"]
[TimeControl "180+1"]
[EndTime "10:14:56 PDT"]
[Termination "AvitalBor won by checkmate"]

1. e4 d6 2. d4 Nf6 3. Bd3 e5 4. c3 c6 5. Nf3 Nbd7 6. O-O Be7 7. a4 a5 8. Re1 O-O 9. Na3 Qc7 10. Qc2 Re8 11.
h3 h6 12. Be3 Nh7 13. Rad1 Bf6 14. Nc4 Ng5 15. Nxg5 Bxg5 16. dxe5 dxe5 17. Bxg5 hxg5 18. Qd2 f6 19. Nd6 Re7 20. Bc4+ Kh7 21. h4 gxh4 22. Qe2 g6 23. Qg4 Nf8 24. Qxh4+ Kg7 25. Re3 Be6 26.
Bxe6 Rxe6 27. Nf5+ gxf5 28. Rg3+ Kf7 29. Qh5+ Ke7 30.
Rg7# 1-0

[Event "*** Titled Tuesday Blitz"]
[Site "Chess.com"]
[Date "2020.04.14"]
[Round "2"]
[White "Lucas_Tomiello"]
[Black "swayamsm"]
[Result "0-1"]
[WhiteElo "2343"]
[BlackElo "2667"]
[TimeControl "180+1"]
[EndTime "10:14:58 PDT"]
[Termination "swayamsm won by resignation"]

1. e4 e6 2. d4 d5 3. Nd2 Be7 4. Bd3 c5 5. dxc5 Nf6 6. exd5 Qxd5 7. Ngf3 Nbd7 8. Nb3 Nxc5 9. Bb5+ Bd7 10. Qxd5 Nxd5 11. Bxd7+ Nxd7 12. c3 Nc5 13. Nxc5 Bxc5 14. O-O O-O-O 15.
g3 f6 16. a3 e5 17. c4 Nb6 18.
b4 Bd4 19. Nxd4 Rxd4 20. c5 Nc4 21. Re1 Rhd8 22. Be3 Rd3 23. a4 Rb3 24. b5 Rdd3 25. Bc1 Rd5 26. f4 Rxc5 27. fxe5 Nxe5 28. Bf4 Nf3+ 0-1

[Event "*** Titled Tuesday Blitz"]
[Site "Chess.com"]
[Date "2020.04.14"]
[Round "2"]
[White "Zaven_ChessMood"]
[Black "SavelijTartakover"]
[Result "1-0"]
[WhiteElo "2898"]
[BlackElo "2594"]
[TimeControl "180+1"]
[EndTime "10:15:00 PDT"]
[Termination "Zaven_ChessMood won by resignation"]

1. e4 c5 2. Nc3 e6 3. Nf3 Nc6 4. Bb5 Nge7 5. O-O a6 6. Bxc6 Nxc6 7. d4 cxd4 8. Nxd4 Be7 9. a4 d6 10. Be3 Bd7 11. Qe2 O-O 12. Rad1 Qc7 13. Nb3 Na5 14. Rd3 Nc4 15. Bc1 b5 16. axb5 axb5 17. Qh5 f5 18. Rh3 h6 19. Bxh6 Bf6 20. Bg5 Bxg5 21.
Qxg5 Nxb2 22. Qh5 Bc6 23. Qh7+ Kf7 24. exf5 Rg8 25. fxe6+ 1-0

[Event "*** Titled Tuesday Blitz"]
[Site "Chess.com"]
[Date "2020.04.14"]
[Round "2"]
[White "Pultis"]
[Black "Danfii"]
[Result "1-0"]
[WhiteElo "2698"]
[BlackElo "2332"]
[TimeControl "180+1"]
[EndTime "10:15:02 PDT"]
[Termination "Pultis won by resignation"]

1. c4 e5 2. Nc3 Nf6 3. g3 d5 4. cxd5 Nxd5 5. Bg2 Nb6 6. Nf3 Nc6 7. O-O Be7 8. e3 O-O 9. d4 exd4 10. Nxd4 Nxd4 11.
exd4 c6 12. Bf4 Be6 13. Re1 Bf6 14. Ne4 Bxd4 15. Bd6 Bxb2 16. Rb1 Bf6 17. Bxf8 Kxf8 18. Nxf6 Qxf6 19. a4 Qe7 20. a5 Nd5 21. Qb3 Rb8 22.
a6 b6 23. Qc2 Qd7 24. Qxh7 Rc8 25. Qh8+ Ke7 26. Qxg7 1-0

[Event "*** Titled Tuesday Blitz"]
[Site "Chess.com"]
[Date "2020.04.14"]
[Round "2"]
[White "GMSrinath"]
[Black "RATNAKARAN"]
[Result "1-0"]
[WhiteElo "2796"]
[BlackElo "2553"]
[TimeControl "180+1"]
[EndTime "10:15:04 PDT"]
[Termination "GMSrinath won by resignation"]

1. Nf3 d5 2. c4 c6 3. e3 Nf6 4. b3 Nbd7 5. Bb2 Qc7 6. Nc3 e5 7. cxd5 cxd5 8. Nb5 Qb8 9. Rc1 Bc5 10. Rxc5 Nxc5 11.
Bxe5 a6 12. Bxb8 axb5 13. Qc2 O-O 14. Bd6 Nce4 15. Bxf8 Kxf8 16. Bxb5 Bf5 17. Qb2 Nc5 18. O-O b6 19. a4 h6 20. Rc1 Kg8 21. Ne5 Nfe4 22.
f3 Nd6 23. d4 Ncb7 24. Bc6 Be6 25. Qa3 Rd8 26. Bxb7 Nxb7 27. Rc7 Na5 28. Qe7 Rf8 29. Nd7 Bxd7 30. Qxd7 Nxb3 31. Qxd5 1-0

[Event "*** Titled Tuesday Blitz"]
[Site "Chess.com"]
[Date "2020.04.14"]
[Round "2"]
[White "W_Amadeus"]
[Black "korbul"]
[Result "1-0"]
[WhiteElo "2723"]
[BlackElo "2515"]
[TimeControl "180+1"]
[EndTime "10:15:05 PDT"]
[Termination "W_Amadeus won by resignation"]

1. e4 c5 2. Nf3 e6 3. d4 cxd4 4. Nxd4 a6 5. c4 Nf6 6. Nc3 Bb4 7. Qd3 Qc7 8. a3 Bxc3+ 9. Qxc3 Nxe4 10. Nb5 axb5 11.
Qxg7 Rf8 12. Bh6 Qc5 13. f3 Nf2 14. b4 Qe7 15. Kxf2 bxc4 16. Bxc4 d5 17. Bd3 Nd7 18. Bb5 b6 19. Rhc1 Ba6 20. Bxa6 Qh4+ 21. Kg1 Rxa6 22.
Rc8+ Ke7 23. Bg5+ Qxg5 24. Qxg5+ f6 25. Qc1 1-0

[Event "*** Titled Tuesday Blitz"]
[Site "Chess.com"]
[Date "2020.04.14"]
[Round "2"]
[White "varacalli"]
[Black "tamarozi99"]
[Result "1-0"]
[WhiteElo "2374"]
[BlackElo "1960"]
[TimeControl "180+1"]
[EndTime "10:15:06 PDT"]
[Termination "varacalli won by resignation"]

1. e4 c5 2. Nf3 Nc6 3. d4 cxd4 4.
Nxd4 g6 5. Nc3 Bg7 6. Be3 Nf6 7. Bc4 O-O 8. Bb3 d6 9. h3 Na5 10. O-O b6 11. Re1 Ba6 12. Bg5 h6 13. Bh4 Rc8 14. Nd5 g5 15. Bg3 Nc4 16. Rb1 Nd7 17. Nf5 Re8 18. Nxg7 Kxg7 19. c3 e6 20. Ne3 Nxe3 21. Rxe3 Ne5 22. Qd2 Re7 23. Rd1 Rd7 24. Bxe5+ 1-0

[Event "*** Titled Tuesday Blitz"]
[Site "Chess.com"]
[Date "2020.04.14"]
[Round "2"]
[White "Ba_clbaf_osed_ingo_3v21"]
[Black "Olga_Zhuravleva"]
[Result "0-1"]
[WhiteElo "2573"]
[BlackElo "2231"]
[TimeControl "180+1"]
[EndTime "10:15:08 PDT"]
[Termination "Olga_Zhuravleva won by resignation"]

1. Nf3 Nf6 2. c4 e6 3. g3 b6 4. Bg2 Bb7 5. O-O Be7 6. d4 O-O 7. d5 exd5 8. Nh4 c5 9. cxd5 d6 10. Nc3 Nbd7 11. e4 Re8 12. Nf5 Bf8 13. Bf4 Ne5 14.
Bg5 h6 15. Bd2 Kh7 16. Ne3 Ba6 17. Re1 Nd3 18. Qc2 Nxe1 19. Rxe1 g6 20. f4 Bg7 21. a4 Qd7 22. b3 Ng4 23. Bh3 Nxe3 24. Bxd7 Nxc2 25.
Rc1 Red8 26. Bc6 Bxc3 27. Bxc3 Nd4 28. Bxa8 Ne2+ 0-1

[Event "*** Titled Tuesday Blitz"]
[Site "Chess.com"]
[Date "2020.04.14"]
[Round "2"]
[White "binbin239"]
[Black "bracuarta"]
[Result "0-1"]
[WhiteElo "2443"]
[BlackElo "2207"]
[TimeControl "180+1"]
[EndTime "10:15:12 PDT"]
[Termination "bracuarta won by resignation"]

1. d4 Nf6 2. c4 c5 3. Nf3 cxd4 4. Nxd4 b6 5. g3 Bb7 6. Nf3 g6 7. Bg2 Bg7 8. O-O O-O 9. Nc3 d6 10. b3 Nbd7 11. Bb2 a6 12. Rc1 Rc8 13. Nd5 Nxd5 14.
Bxg7 Kxg7 15. cxd5 Rxc1 16. Qd4+ Nf6 17. Rxc1 Bxd5 18. g4 e5 19. Qa4 a5 20. h3 Bb7 21.
Qb5 Nd7 22. Nxe5 Nxe5 23. Bxb7 Qg5 24. Rf1 Nf3+ 25. Bxf3 Qxb5 26. Kg2 a4 27. Rd1 axb3 28. axb3 Qxb3 29. Rxd6 Re8 30. Rd7 Qe6 31. Rb7 Qd6 32. e3 Rb8 33. Ra7 b5 0-1